 Dungeon Crawl Stone Soup version 0.27.0-1-g7a089689b8 (webtiles) character file.

Game seed: 12508485352157127633

5100 agentchuck the Slicer (level 10, -4/77 HPs)
             Began as a Vampire Hunter on Aug 3, 2021.
             Was a Believer of Uskayaw.
             Slain by Grum (21 damage)
             ... on level 8 of the Dungeon.
             The game lasted 00:55:13 (9463 turns).

agentchuck the Slicer (Vampire Hunter)              Turns: 9463, Time: 00:55:14

Health: -4/77      AC:  8    Str: 13    XL:     10   Next: 32%
Magic:  22/22      EV: 13    Int: 15    God:    Uskayaw [**....]
Gold:   151        SH:  0    Dex: 15    Spells: 6/9 levels left

rFire    . . .     SeeInvis +   w - +3 rapier (vorpal)
rCold    . . .     Faith    .   (no shield)
rNeg     . . .     Spirit   .   s - +0 ring mail
rPois    .         Reflect  .   (no helmet)
rElec    .         Harm     .   z - +2 cloak
rCorr    .         Rampage  .   (no gloves)
Will     +....                  (no boots)
Stlth    ++++......             p - amulet of the acrobat
HPRegen  0.42/turn              W - ring of magical power
MPRegen  0.18/turn              Z - ring of wizardry

@: healing quickly, studying Conjurations
A: alive, fangs 3, see invisible, vampiric 2
a: Exsanguinate, Renounce Religion, Stomp, Line Pass


You were on level 8 of the Dungeon.
You worshipped Uskayaw.
Uskayaw was noncommittal.
You visited 2 branches of the dungeon, and saw 9 of its levels.
You also visited: Ossuary.

You collected 331 gold pieces.
You spent 180 gold pieces at shops.


Innate Abilities, Weirdness & Mutations

Your natural rate of healing is accelerated.
You have razor-sharp teeth.
You have supernaturally acute eyesight. (SInv)
You are afflicted with vampirism and can become a bat while bloodless.


   Skills:
 + Level 6.7 Fighting
 * Level 9.8 Short Blades
 - Level 3.5 Throwing
 - Level 5.8 Dodging
 - Level 9.5 Stealth
 + Level 2.2 Conjurations
 + Level 1.6 Earth Magic
 - Level 4.3 Invocations
 + Level 1.3 Evocations


You had 6 spell levels left.
You knew the following spells:

 Your Spells              Type           Power      Damage    Failure   Level
w - Stone Arrow           Conj/Erth      10%        3d7       32%         3

Your spell library contained the following spells:

 Spells                   Type           Power      Damage    Failure   Level
 Corpse Rot               Necr/Air       N/A        N/A       32%         2
 Call Canine Familiar     Summ           0%         N/A       54%         3
 Portal Projectile        Hex/Tloc       0%         N/A       54%         3
 Leda's Liquefaction      Hex/Erth       1%         N/A       82%         4
 Animate Dead             Necr           0%         N/A       90%         4
 Dispel Undead            Necr           0%         3d6       90%         4
 Bolt of Magma            Conj/Fire/Erth 1%         4d4       98%         5
 Death Channel            Necr           0%         N/A       100%        6
 Haunt                    Necr/Summ      0%         N/A       100%        7
 Infestation              Necr           0%         N/A       100%        8
 Shatter                  Erth           2%         3d6*      100%        9

Inventory:

Hand Weapons
 a - a +2 antimagic long sword
 e - a +2 dagger
 q - the +2 morningstar of Uskayaw's Condemnation {vorpal, +Blink Will+ rCorr Stlth-}
   (You found it on level 6 of the Dungeon)

   It inflicts extra damage upon your enemies.
   +Blink:    It lets you blink.
   rCorr:     It protects you from acid and corrosion.
   Will:      It increases your willpower.
   Stlth:     It makes you less stealthy.
 w - a +3 vorpal rapier (weapon)
Missiles
 c - 6 javelins
 d - 17 boomerangs
 l - 149 stones (quivered)
 n - 31 poisoned darts
 u - a throwing net {=f}
Armour
 s - a +0 ring mail (worn)
 z - a +2 cloak (worn)
Magical Staves
 i - a staff of earth
Jewellery
 p - an amulet of the acrobat (around neck)
 W - a ring of magical power (left hand)
 Z - a ring of wizardry (right hand)
Wands
 f - a wand of flame (11)
 h - a wand of mindburst (6)
 A - a wand of iceblast (12)
Scrolls
 b - a scroll of enchant armour
 m - a scroll of blinking
 y - 3 scrolls of teleportation {@r4}
 C - a scroll of magic mapping
Potions
 g - a potion of might {unknown}
 j - 4 potions of invisibility
 k - 3 potions of flight
 o - 2 potions of brilliance {unknown}
 r - 3 potions of lignification {unknown}
 t - 3 potions of curing {@q1}
 v - a potion of heal wounds {@q2}
 x - a potion of ambrosia {unknown}
 B - 2 potions of berserk rage {unknown}

Dungeon Overview and Level Annotations

Branches:
Dungeon (8/15)             Temple (1/1) D:4         Ossuary (visited)
   Lair: D:8-11

Altars:
Cheibriados
Elyvilon
Fedhas
Gozag
Hepliaklqana
Kikubaaqudgha
Makhleb
Nemelex Xobeh
Okawaru
Qazlal
Ru
Sif Muna
Trog
Uskayaw
Vehumet
Wu Jian
Xom
Yredelemnul
Zin
The Shining One

Shops:
D:7 *

Annotations:
D:2 Natasha
D:4 dig grate 2 scroll, exclusion: two-headed ogre
D:6 exclusion: kobold demonologist
D:7 Joseph
D:8 Grum, Maurice

#..# #........?...
###.######.#####...###
#))........###........
#)#....######.....####
#(####.# #.h#### # #.#
#.# #(.# ### #)# ##.##
#g.# #.. #)# #hh.#
#..# #.# #.# #@#.#
#..# #)#
#.###.#.#####..# #.#
#...g.#....##..####.#.
#..#######.........###
##....#....##.#####.#.
####.#.......##......
#.#.#####........#
#...# ########## #####


You could see Grum (very poisoned) and 2 wolves.


Message History

Grum hits you from afar with a -1 glaive of venom.
You are poisoned.
The wolf misses you.
You can now pass through a line of other dancers.
You miss the wolf.
The wolf is severely wounded.
You feel very sick.
The wolf bites you but does no damage. x2; The wolf bites you.
Grum completely misses you.
Okay, then.
Aiming: Mindburst
Press: ? - help, Shift-Dir - straight line, f - wolf, p - Grum
Aim: a wolf (severely wounded, chance to affect: 71%)
The wolf struggles to resist.
You feel very sick. The wolf bites you.
* * * LOW HITPOINT WARNING * * *
The wolf bites you.
* * * LOW HITPOINT WARNING * * *
The wolf barely misses you.
Grum hits you from afar with a -1 glaive of venom!
* * * LOW HITPOINT WARNING * * *
You are lethally poisoned!
The wolf bites you but does no damage.
Unknown command.
You feel better. The wolf bites you.
* * * LOW HITPOINT WARNING * * *
The wolf misses you.
Grum hits you from afar with a -1 glaive of venom!!
You die...

Skill      XL: |  1  2  3  4  5  6  7  8  9 10 |
---------------+-------------------------------+-----
Fighting       | 2 3 4 5 6 |  6.7
Short Blades   | 1 2 3 4 6 8 9 |  9.8
Stealth        | 2 3 4 5 6 8 9 |  9.5
Invocations    | 1 2 3 4 |  4.3
Dodging        | 3 4 5 |  5.8
Conjurations   | 2 |  2.2
Earth Magic    | 1 |  1.6
Evocations     | 1 |  1.3
Throwing       | |  3.5

Action                   |  1- 3 |  4- 6 |  7- 9 | 10-12 || total
-------------------------+-------+-------+-------+-------++-------
Melee: Short sword       |    79 |       |       |       ||    79
       Bite              |     4 |     5 |    51 |    13 ||    73
       Rapier            |    20 |    89 |   374 |   133 ||   616
Throw: Javelin           |     8 |     3 |    13 |       ||    24
       Stone             |    19 |    29 |   168 |    21 ||   237
       Dart              |     9 |    23 |    32 |     8 ||    72
       Throwing net      |       |     2 |     2 |       ||     4
       Boomerang         |       |       |    18 |       ||    18
Invok: Stomp             |       |       |     4 |       ||     4
Evoke: Wand              |       |       |     5 |     4 ||     9
  Use: Potion            |       |     2 |     3 |     2 ||     7
       Scroll            |       |     6 |    11 |     1 ||    18
 Stab: Sleeping          |     3 |     4 |     6 |       ||    13
       Paralysed         |       |       |     5 |     4 ||     9
       Distracted        |       |       |     1 |       ||     1
Armor: Leather armour    |    21 |    12 |    25 |       ||    58
       Ring mail         |       |       |    72 |    35 ||   107
Dodge: Dodged            |    57 |    45 |   202 |    92 ||   396

Levels and vault maps discovered:
D:1:      dpeg_arrival_tiny_b, layout_loops_ring, serial_park_tiny_1
D:2:      layout_loops_ring, ebering_ecumenical_altar_abandoned,
          grunt_ministairs_12, grunt_decor_clamped, uniq_natasha
D:3:      layout_rooms, lemuel_tele_altar, lemuel_another_geyser
D:4:      layout_gridville, mainiacjoe_overflow_paths, zin_scriptorium,
          minmay_temple_entry_ruins
D:5:      layout_cave_pools, nicolae_ossuary_entry_ruins, hex_tiny,
          uniq_crazy_yiuf_cottage
D:6:      minmay_clustersquares, layout_basic, gammafunk_temple_overflow_claw,
          gammafunk_temple_overflow_statue, nicolae_elyvilon_temple_path
D:7:      nzn_winding_woodlands_small [nzn_winding_woodlands_5x15_lazy_stream,
          nzn_winding_woodlands_center_triple_pond,
          nzn_winding_woodlands_5x15_split_checker], layout_rooms, serial_shops,
          shop, grunt_ministairs_12, st_stairs_11,
          minmay_misc_feat_four_crosses, grunt_decor_arrowhead,
          eino_tiny_chamber, corexii_corridor_pit, uniq_menkaure, uniq_joseph
D:8:      layout_loops_ring, nicolae_tso_swordbearing_angel,
          minmay_lair_entry_grove, uniq_maurice, uniq_grum
Temple:   eino_wide_crystal_templ

Notes
Turn   | Place    | Note
-------+----------+-------------------------------------------
     0 | D:1      | agentchuck the Vampire Hunter began the quest for the Orb.
     0 | D:1      | Reached XP level 1. HP: 16/16 MP: 1/1
   109 | D:1      | Reached skill level 2 in Fighting
   172 | D:1      | Reached skill level 1 in Short Blades
   187 | D:1      | Reached XP level 2. HP: 18/22 MP: 2/2
   344 | D:1      | Reached skill level 2 in Stealth
  1063 | D:2      | Gained mutation: You are afflicted with vampirism and can
                  | become a bat while bloodless. [Vampire growth]
  1063 | D:2      | Reached XP level 3. HP: 28/28 MP: 3/3
  1395 | D:2      | Noticed Natasha
  1481 | D:2      | Found a faded altar of an unknown god.
  1653 | D:2      | Reached skill level 2 in Short Blades
  2010 | D:3      | Reached skill level 3 in Stealth
  2010 | D:3      | Reached XP level 4. HP: 31/34 MP: 4/4
  2091 | D:3      | Found a stormy altar of Qazlal.
  2158 | D:3      | Reached skill level 3 in Fighting
  2461 | D:3      | Reached skill level 3 in Short Blades
  2461 | D:3      | Reached XP level 5. HP: 33/41 MP: 5/5
  2560 | D:4      | Noticed a two-headed ogre
  2618 | D:4      | Found a shimmering blue altar of Sif Muna.
  2799 | D:4      | Noticed an ogre
  2940 | D:4      | Noticed an ogre
  3000 | D:4      | Killed an ogre
  3001 | D:4      | Reached skill level 4 in Stealth
  3074 | D:4      | Noticed an ogre
  3086 | D:4      | Killed an ogre
  3087 | D:4      | Reached skill level 4 in Fighting
  3087 | D:4      | Reached skill level 4 in Short Blades
  3087 | D:4      | Reached XP level 6. HP: 48/48 MP: 6/6
  3228 | D:4      | Found a staircase to the Ecumenical Temple.
  3282 | Temple   | Entered the Ecumenical Temple
  3330 | Temple   | Became a worshipper of Uskayaw the Reveller
  3424 | D:4      | Reached * piety under Uskayaw
  3458 | D:4      | Reached ** piety under Uskayaw
  3461 | D:4      | Reached skill level 5 in Stealth
  3490 | D:5      | Entered Level 5 of the Dungeon
  3572 | D:5      | Noticed an orc warrior
  3621 | D:5      | Noticed a sky beast
  3624 | D:5      | Reached skill level 1 in Invocations
  3624 | D:5      | Reached XP level 7. HP: 55/55 MP: 7/7
  3654 | D:5      | Reached skill level 5 in Short Blades
  3888 | D:5      | Found a sand-covered staircase.
  3914 | D:5      | Reached skill level 6 in Stealth
  3931 | Ossuary  | Entered an ossuary
  4280 | Ossuary  | Reached *** piety under Uskayaw
  4425 | Ossuary  | Noticed Menkaure
  4475 | Ossuary  | Reached skill level 6 in Short Blades
  4475 | Ossuary  | Reached skill level 2 in Invocations
  4819 | Ossuary  | Killed Menkaure
  4820 | Ossuary  | Reached skill level 3 in Dodging
  4820 | Ossuary  | Reached XP level 8. HP: 61/61 MP: 9/9
  5040 | Ossuary  | Identified a scroll of acquirement
  5043 | Ossuary  | Acquired a manual of Conjurations
  5142 | D:5      | Reached skill level 5 in Fighting
  5595 | D:5      | Found a runed translucent door.
  5596 | D:5      | Noticed Crazy Yiuf
  5781 | D:5      | Killed Crazy Yiuf
  5782 | D:5      | Reached skill level 7 in Stealth
  5869 | D:6      | Noticed a two-headed ogre
  5979 | D:6      | Learned a level 3 spell: Stone Arrow
  6183 | D:6      | Reached skill level 7 in Short Blades
  6236 | D:6      | Noticed a kobold demonologist
  6269 | D:6      | Found a hazy altar of Hepliaklqana.
  6269 | D:6      | Found a blossoming altar of Fedhas.
  6270 | D:6      | Found a sacrificial altar of Ru.
  6441 | D:6      | Reached skill level 4 in Dodging
  6441 | D:6      | Reached skill level 3 in Invocations
  6675 | D:6      | Killed a two-headed ogre
  6676 | D:6      | Reached skill level 8 in Short Blades
  6676 | D:6      | Reached skill level 8 in Stealth
  6676 | D:6      | Reached XP level 9. HP: 67/69 MP: 11/11
  7030 | D:6      | Found an ornate altar of the Wu Jian Council.
  7030 | D:6      | Found a burning altar of Makhleb.
  7241 | D:6      | Reached skill level 6 in Fighting
  7266 | D:6      | Reached skill level 5 in Dodging
  7300 | D:6      | Identified the +2 morningstar of Uskayaw's Condemnation
                  | {vorpal, +Blink Will+ rCorr Stlth-}
  7354 | D:6      | Reached skill level 4 in Invocations
  7834 | D:6      | Reached skill level 9 in Stealth
  7936 | D:7      | Reached skill level 9 in Short Blades
  7969 | D:7      | Found Ranonedd's General Store.
  7977 | D:7      | Bought a potion of heal wounds for 60 gold pieces
  7977 | D:7      | Bought a potion of invisibility for 96 gold pieces
  7977 | D:7      | Bought a scroll of identify for 24 gold pieces
  8312 | D:7      | Reached XP level 10. HP: 72/77 MP: 13/13
  8636 | D:7      | Noticed Joseph
  8650 | D:8      | Noticed Maurice
  8698 | D:8      | Noticed Grum
  8699 | D:8      | Reached skill level 1 in Conjurations
  8935 | D:8      | Reached skill level 1 in Earth Magic
  9012 | D:8      | Reached **** piety under Uskayaw
  9094 | D:8      | Reached skill level 2 in Conjurations
  9123 | D:8      | Reached skill level 1 in Evocations
  9463 | D:8      | Slain by Grum

Vanquished Creatures
  A two-headed ogre (D:6)
  A wyvern (D:7)
  A basilisk (D:8)
  Menkaure (Ossuary)
  4 water moccasins (D:6)
  A hornet zombie (D:8)
  A necrophage (D:6)
  2 orc warriors
  3 black bears
  3 sky beasts
  2 wolves
  5 ogres
  4 centaurs
  A kobold brigand (D:8)
  4 bullfrogs
  2 water moccasin zombies (D:5)
  A scorpion (D:8)
  9 wights
  2 howler monkeys
  2 jellies
  7 hounds
  2 orc priests
  Crazy Yiuf (D:5)
  A bullfrog skeleton (D:6)
  A centaur skeleton (D:6)
  An iguana (D:6)
  6 orc wizards
  A hound skeleton (D:5)
  3 mummies (Ossuary)
  A howler monkey zombie (D:7)
  4 gnolls (D:7)
  A howler monkey skeleton (D:7)
  6 adders
  2 shadow imps (D:6)
  2 ufetubi
  22 orcs
  4 bats
  4 endoplasms
  A giant cockroach (D:1)
  4 gnoll zombies (Ossuary)
  5 goblins
  9 hobgoblins
  2 jackals (D:1)
  13 kobolds
  2 quokkas
  8 ball pythons
  5 frilled lizards
  4 gnoll skeletons (Ossuary)
  A goblin skeleton (Ossuary)
  5 goblin zombies (Ossuary)
  5 hobgoblin skeletons (Ossuary)
  5 hobgoblin zombies (Ossuary)
  10 kobold skeletons (Ossuary)
  5 kobold zombies (Ossuary)
  3 orc skeletons (Ossuary)
  3 orc zombies (Ossuary)
  6 rats
  2 rat skeletons (Ossuary)
  3 rat zombies (Ossuary)
220 creatures vanquished.

Vanquished Creatures (others)
  A bush (D:8)
  5 fungi (D:8)
  27 plants
33 creatures vanquished.

Grand Total: 253 creatures vanquished

Table legend: (Time is in decaauts)
 A = Elapsed time spent in this place.
 B = Non-inter-level travel time spent in this place.
 C = Inter-level travel time spent in this place.
 D = Time resting spent in this place.
 E = Time spent auto-exploring this place.
 F = Levels seen in this place.
 G = Mean time per level.
                   A        B        C        D        E       F      G
               +--------+--------+--------+--------+--------+-----+--------+
         Total |   9361 |   8909 |    452 |   1452 |   2062 |  10 |  936.1 |
       Dungeon |   8199 |   7761 |    438 |   1238 |   1983 |   8 | 1024.9 |
        Temple |     63 |     49 |     14 |      0 |     41 |   1 |   63.0 |
       Ossuary |   1097 |   1097 |      0 |    214 |     38 |   1 | 1097.0 |
               +--------+--------+--------+--------+--------+-----+--------+

Top non-repeatable levels by time:
     D:6: 1970 daAuts
     D:5: 1107 daAuts
 Ossuary: 1097 daAuts
     D:2: 973 daAuts
     D:7: 957 daAuts
     D:4: 956 daAuts
     D:1: 881 daAuts
     D:3: 766 daAuts
     D:8: 587 daAuts
  Temple: 63 daAuts

Table legend:
 A = Non-vault XP
 B = Vault XP
 C = Vault XP percentage of total XP
 D = Non-vault monster count
 E = Vault monster count
 F = Vault count percentage of total count
                 A         B        C        D         E       F
            +---------+---------+-------+---------+---------+-------
      Total |    4290 |    2996 |  41.1 |     140 |      80 |  36.4
            +---------+---------+-------+---------+---------+-------
        D:1 |      37 |       0 |   0.0 |      24 |       0 |   0.0
        D:2 |      20 |       3 |  13.0 |      11 |       2 |  15.4
        D:3 |     156 |       0 |   0.0 |      16 |       0 |   0.0
        D:4 |     559 |       0 |   0.0 |      15 |       0 |   0.0
        D:5 |     928 |      41 |   4.2 |      18 |       1 |   5.3
        D:6 |     917 |    1650 |  64.3 |      15 |      13 |  46.4
        D:7 |     885 |     517 |  36.9 |      18 |       6 |  25.0
        D:8 |     788 |     517 |  39.6 |      23 |       4 |  14.8
    Ossuary |       0 |     268 | 100.0 |       0 |      54 | 100.0
            +---------+---------+-------+---------+---------+-------
